 Dungeon Crawl Stone Soup version 0.26.1-11-gd32895ea62 (webtiles) character file.

Game seed: 10010758579022461601

11458 dtburroughs the Fighter (level 11, -9/99 HPs)
             Began as a Minotaur Berserker on May 20, 2021.
             Was a High Priest of Trog.
             Mangled by a komodo dragon (27 damage)
             ... on level 1 of the Lair of Beasts.
             The game lasted 00:35:57 (16172 turns).

dtburroughs the Fighter (Minotaur Berserker)       Turns: 16172, Time: 00:35:58

Health: -9/99      AC: 11    Str: 22    XL:     11   Next: 49%
Magic:  10/10      EV: 13    Int:  7    God:    Trog [*****.]
Gold:   749        SH: 11    Dex: 10    Spells: 10/10 levels left

rFire    + . .     SeeInvis .   w - +3 morningstar
rCold    + . .     Faith    .   n - +0 kite shield
rNeg     . . .     Spirit   .   V - +2 ring mail "Fagiuc" {rF+ rC+ Will+}
rPois    +         Reflect  .   (helmet restricted)
rElec    .         Harm     .   O - +0 cloak
rCorr    .         Rampage  .   F - +0 pair of gloves
Will     +++..                  (no boots)
Stlth    +.........             (no amulet)
HPRegen  1.26/turn              G - ring of poison resistance
MPRegen  0.12/turn              o - ring of stealth

@: regenerating
A: retaliatory headbutt, horns 2
a: Renounce Religion, Berserk, Trog's Hand, Brothers in Arms


You were on level 1 of the Lair of Beasts.
You worshipped Trog.
Trog was extremely pleased with you.
You visited 2 branches of the dungeon, and saw 12 of its levels.

You collected 749 gold pieces.

Inventory:

Hand Weapons
 h - a +0 whip of draining
 s - a +0 mace of draining
 w - a +3 morningstar (weapon)
 C - a +2 vorpal mace
 D - a +2 whip of freezing
 R - a +5 vorpal hand axe
 S - a +1 dagger of chaos
 U - a +3 mace of freezing
 W - a +2 hand axe of draining
 X - the +8 long sword "Voskimn" {elec, rPois}
   (You found it on level 10 of the Dungeon)

   Occasionally, upon striking a foe, it can discharge electrical energy and
   cause terrible harm.
   It protects you from poison.
 Z - a +0 mace of holy wrath
Armour
 n - a +0 kite shield (worn)
 F - a +0 pair of gloves (worn)
 L - a +0 plate armour
 M - +0 acid dragon scales
 O - a +0 cloak (worn)
 V - the +2 ring mail "Fagiuc" (worn) {rF+ rC+ Will+}
   (You found it on level 10 of the Dungeon)

   It protects you from fire.
   It protects you from cold.
   It affects your willpower, your defense against some magical effects.
Jewellery
 g - an uncursed ring of poison resistance
 o - a ring of stealth (right hand)
 G - a ring of poison resistance (left hand)
 Y - an uncursed ring of ice
Wands
 i - a wand of flame (25)
 v - a wand of polymorph (7)
 y - a wand of digging (5)
 Q - a wand of iceblast (7)
Scrolls
 a - a scroll of fear {unknown}
 b - a scroll of fog {unknown}
 c - a scroll of noise {unknown}
 j - a scroll of identify
 p - 4 scrolls of magic mapping
 q - 2 scrolls of enchant weapon
 u - 2 scrolls of blinking
 z - 4 scrolls of teleportation
 J - a scroll of remove curse
 P - 2 scrolls of enchant armour {unknown}
Potions
 d - 2 potions of attraction {unknown}
 e - 4 potions of might
 f - 2 potions of invisibility {unknown}
 k - a potion of lignification {unknown}
 l - 3 potions of haste
 m - 8 potions of curing
 r - 3 potions of magic {unknown}
 t - 5 potions of flight
 x - 3 potions of heal wounds
 A - a potion of mutation {unknown}
 E - 3 potions of cancellation
 H - a potion of resistance {unknown}
 I - 2 potions of ambrosia {unknown}
 N - 2 potions of berserk rage {unknown}
 T - 2 potions of brilliance {unknown}


   Skills:
 + Level 10.1 Fighting
 + Level 9.9 Axes
 + Level 9.4 Armour
 + Level 8.7 Dodging
 + Level 8.8 Shields
 + Level 6.2 Evocations


You had 10 spell levels left.
You didn't know any spells.
Your spell library was empty.

Dungeon Overview and Level Annotations

Branches:
Dungeon (11/15)            Temple (0/1) D:4            Lair (1/6) D:11
    Orc (0/2) D:9

Altars:
Cheibriados
Elyvilon
Gozag
Nemelex Xobeh
Qazlal
Ru
Trog
Uskayaw
Wu Jian
Zin
Beogh

Portals:
Abyss: D:7

Annotations:
D:7 2 transporters, Tirrikindir's ghost, novice OpAr


Innate Abilities, Weirdness & Mutations

You reflexively headbutt those who attack you in melee.
You have a pair of horns on your head.


Message History

The komodo dragon closely misses you.
You hit the komodo dragon but do no damage.
Your headbutt misses the komodo dragon.
The komodo dragon is moderately wounded.
The komodo dragon bites you but does no damage.
You hit the komodo dragon but do no damage.
You headbutt the komodo dragon.
The komodo dragon is heavily wounded.
The komodo dragon bites you!!
You completely miss the komodo dragon. Your headbutt misses the komodo dragon.
The komodo dragon is heavily wounded.
The komodo dragon bites you.
You puncture the komodo dragon! Your headbutt misses the komodo dragon.
The komodo dragon is severely wounded.
The komodo dragon bites you!! The komodo dragon bites you!
* * * LOW HITPOINT WARNING * * *
You barely miss the komodo dragon.
The komodo dragon is severely wounded.
The komodo dragon bites you!!
You die...

.....≈≈≈≈≈≈≈≈≈.#.
.....≈≈≈≈≈.≈≈≈...
...>≈≈≈≈†<.≈≈≈...
.....≈≈≈.≈.≈≈≈≈..
##+P.≈≈≈≈≈≈≈≈≈.##
.....≈≈≈≈≈≈≈≈≈.#
.....≈≈≈≈≈≈≈≈....
.......l≈≈.≈.....
.:....P@...+.....
......#....#.....
......#(...# ...
...........#
###.###....# ..
...... .. .......
........


You could see a komodo dragon.

Vanquished Creatures
  A hydra (Lair:1)
  3 two-headed ogres
  Pikel (D:5)
  Psyche (D:9)
  2 centaur skeletons
  A troll (D:10)
  Grinder (D:3)
  Prince Ribbit (D:9)
  A wraith (D:11)
  A water moccasin (D:10)
  2 soldier ants
  Duvessa (D:6)
  5 orc warriors
  5 ice beasts
  4 sky beasts
  A phantom (D:10)
  2 necrophages
  4 ogres
  4 centaurs
  3 big kobolds
  Blork the orc (D:6)
  10 bullfrogs
  A gnoll sergeant (D:10)
  Dowan (D:6)
  9 scorpions
  A water moccasin skeleton (D:9)
  10 killer bees
  10 wights
  3 howler monkeys
  A centaur zombie (D:7)
  2 jellies
  3 bullfrog skeletons
  5 orc priests
  5 hounds
  Jessica (D:2)
  3 iguanas
  7 orc wizards
  8 worker ants
  A hound zombie (D:5)
  A worker ant zombie (D:8)
  10 adders
  9 gnolls
  A howler monkey skeleton (D:10)
  3 white imps
  An ufetubus (D:6)
  4 oozes
  2 adder zombies
  4 dart slugs
  6 worms
  6 leopard geckos
  44 orcs
  13 bats
  8 giant cockroaches
  13 goblins
  9 hobgoblins
  10 jackals
  19 kobolds
  8 quokkas
  8 frilled lizards
  A jackal skeleton (D:5)
  A leopard gecko zombie (D:5)
  8 rats
315 creatures vanquished.

Vanquished Creatures (collateral kills)
  Harold (D:8)
  2 orc warriors (D:8)
  An orc priest (D:8)
  7 orcs (D:8)
11 creatures vanquished.

Vanquished Creatures (others)
  4 fungi
  27 plants
31 creatures vanquished.

Grand Total: 357 creatures vanquished

Notes
Turn   | Place    | Note
-------+----------+-------------------------------------------
     0 | D:1      | dtburroughs the Minotaur Berserker began the quest for the
                  | Orb.
     0 | D:1      | Reached XP level 1. HP: 19/19 MP: 0/0
   260 | D:1      | Reached XP level 2. HP: 27/27 MP: 1/1
   425 | D:1      | Reached skill level 4 in Fighting
   646 | D:1      | Reached XP level 3. HP: 23/33 MP: 2/2
  1434 | D:1      | Reached ** piety under Trog
  1741 | D:2      | Reached XP level 4. HP: 30/41 MP: 3/3
  2151 | D:2      | Noticed Jessica
  2162 | D:2      | Killed Jessica
  2388 | D:2      | Reached XP level 5. HP: 47/47 MP: 4/4
  2677 | D:3      | Reached *** piety under Trog
  2804 | D:3      | HP: 2/70 [gnoll/+0 whip (4)]
  2810 | D:3      | Reached skill level 1 in Shields
  3398 | D:3      | Noticed Grinder
  3412 | D:3      | Killed Grinder
  3413 | D:3      | Reached skill level 5 in Fighting
  3413 | D:3      | Reached skill level 5 in Axes
  3413 | D:3      | Reached XP level 6. HP: 18/56 MP: 5/5
  3862 | D:3      | Found a hide-covered altar of Uskayaw.
  4310 | D:3      | Reached XP level 7. HP: 17/56 MP: 6/6
  4873 | D:4      | Reached skill level 5 in Armour
  4873 | D:4      | Reached skill level 1 in Evocations
  4898 | D:4      | Found a staircase to the Ecumenical Temple.
  5195 | D:4      | Reached **** piety under Trog
  5212 | D:4      | Found a snail-covered altar of Cheibriados.
  5280 | D:4      | Found an ornate altar of the Wu Jian Council.
  6129 | D:4      | Reached skill level 6 in Fighting
  6432 | D:4      | Reached XP level 8. HP: 67/70 MP: 7/7
  6436 | D:5      | Entered Level 5 of the Dungeon
  6443 | D:5      | Reached skill level 5 in Dodging
  6647 | D:5      | Noticed Pikel
  6666 | D:5      | HP: 4/106 [lemure[Pikel] (4)]
  6667 | D:5      | Killed Pikel
  6668 | D:5      | Reached skill level 7 in Fighting
  7394 | D:5      | Found a sacrificial altar of Ru.
  7418 | D:5      | Reached skill level 5 in Shields
  7524 | D:5      | Reached XP level 9. HP: 79/79 MP: 8/8
  7787 | D:5      | Found a white marble altar of Elyvilon.
  7844 | D:5      | Found a sacrificial altar of Ru.
  8912 | D:6      | Noticed Maggie
  8921 | D:6      | Noticed Maggie
  8921 | D:6      | Maggie changed into Maggie the soldier ant
  8927 | D:6      | Killed Maggie the soldier ant
  8948 | D:6      | Noticed Duvessa
  8948 | D:6      | Noticed Dowan
  8962 | D:6      | Killed Duvessa
  8966 | D:6      | Killed Dowan
  9508 | D:6      | Noticed Blork the orc
  9521 | D:6      | Killed Blork the orc
  9985 | D:7      | Found a transporter.
  9990 | D:7      | Found a transporter.
  9994 | D:7      | Identified the +10 whip of the Madman {distort, Str+3}
 10003 | D:7      | Found a one-way gate to the infinite horrors of the Abyss.
 10049 | D:7      | Noticed Tirrikindir's ghost (novice OpAr)
 10531 | D:7      | Reached skill level 8 in Fighting
 10908 | D:8      | Reached ***** piety under Trog
 11120 | D:8      | Found a white marble altar of Elyvilon.
 11299 | D:8      | Noticed Harold
 11309 | D:8      | Killed Harold
 11310 | D:8      | Reached XP level 10. HP: 64/90 MP: 9/9
 11311 | D:8      | Noticed a two-headed ogre
 11327 | D:8      | Killed a two-headed ogre
 11688 | D:8      | Found a sparkling altar of Nemelex Xobeh.
 11784 | D:8      | Found a bloodstained altar of Trog.
 11948 | D:8      | Found an opulent altar of Gozag.
 11948 | D:8      | Found a glowing silver altar of Zin.
 12083 | D:8      | Noticed a two-headed ogre
 12099 | D:8      | Killed a two-headed ogre
 12100 | D:8      | Reached skill level 9 in Fighting
 12100 | D:8      | Reached skill level 5 in Evocations
 12739 | D:8      | Found a roughly hewn altar of Beogh.
 12990 | D:9      | Noticed Psyche
 12999 | D:9      | Killed Psyche
 13023 | D:9      | Noticed Prince Ribbit
 13034 | D:9      | Killed Prince Ribbit
 13153 | D:9      | Found a white marble altar of Elyvilon.
 13160 | D:9      | Found a staircase to the Orcish Mines.
 13421 | D:10     | Entered Level 10 of the Dungeon
 13737 | D:10     | Got a crude ring mail
 13806 | D:10     | Reached XP level 11. HP: 96/97 MP: 10/10
 13833 | D:10     | Got a polished long sword
 13947 | D:10     | Found a stormy altar of Qazlal.
 14297 | D:10     | Identified the +8 long sword "Voskimn" {elec, rPois} (You
                  | found it on level 10 of the Dungeon)
 14312 | D:10     | Identified the +2 ring mail "Fagiuc" {rF+ rC+ Will+} (You
                  | found it on level 10 of the Dungeon)
 14499 | D:11     | Noticed a two-headed ogre
 14880 | D:11     | Killed a two-headed ogre
 15611 | D:11     | Found a staircase to the Lair.
 15870 | D:11     | Reached skill level 10 in Fighting
 16106 | Lair:1   | Entered Level 1 of the Lair of Beasts
 16106 | Lair:1   | Noticed a seven-headed hydra
 16116 | Lair:1   | Killed a seven-headed hydra
 16172 | Lair:1   | Mangled by a komodo dragon

Illustrated notes

Levels and vault maps discovered:
D:1:      kilobyte_arrival_exit_the_forest, layout_loops_corners
D:2:      layout_rooms, amcnicky_mini_pool_small, tgw_xom, uniq_jessica
D:3:      layout_basic, marbit_many_paths, uniq_grinder
D:4:      layout_basic, cheibriados_altar_1, nzn_wu_jian_council_hall,
          minmay_temple_entry_gardened_gates, minmay_divided_ellipse
D:5:      layout_basic, old_standard_altar, kennysheep_little_box, st_stairs_12,
          nicolae_ru_great_annihilating_truth, uniq_pikel
D:6:      layout_loops_ring, minivault_4, uniq_duvessa, uniq_maggie,
          uniq_blork_the_orc
D:7:      layout_basic, gammafunk_ghost_abyssal_escape
D:8:      layout_basic, grunt_temple_overflow_gold_and_silver,
          overflow_temple_1_default, basic_altar, special_room
          [special_room_orc], elyvilon_altar_1, uniq_harold
D:9:      layout_basic, orc_0_dummy, basic_altar, uniq_prince_ribbit1,
          uniq_psyche
D:10:     layout_rooms, nicolae_qazlal_eye_of_the_storm
D:11:     layout_basic, lair_entry_dummy, item_on_display_a
Lair:1:   minmay_lair_venomous_thicket, layout_regular_city,
          nicolae_volcano_entry_vermiform, ebering_ghost_reflecting_pool,
          minivault_23, infiniplex_staircase_pool_2

Skill      XL: |  1  2  3  4  5  6  7  8  9 10 11 |
---------------+----------------------------------+-----
Fighting       | 4 5 6 7 8 9 10 | 10.1
Axes           | 4 5 6 7 8 9 |  9.9
Armour         | 3 4 5 6 7 8 9 |  9.4
Dodging        | 3 4 5 7 8 |  8.7
Shields        | 2 3 5 6 8 |  8.8
Evocations     | 1 3 4 5 6 |  6.2

Action                   |  1- 3 |  4- 6 |  7- 9 | 10-12 || total
-------------------------+-------+-------+-------+-------++-------
Melee: Hand axe          |    82 |   133 |       |   365 ||   580
       Headbutt          |    17 |    26 |    43 |    68 ||   154
       Morningstar       |       |    11 |   358 |    12 ||   381
Invok: Berserk           |       |     1 |     1 |       ||     2
       Trog's Hand       |       |       |     3 |     3 ||     6
       Brothers in Arms  |       |       |     1 |     1 ||     2
Evoke: Wand              |       |       |     2 |     6 ||     8
  Use: Scroll            |       |       |     5 |     7 ||    12
       Potion            |       |       |       |     1 ||     1
 Stab: Paralysed         |       |       |     1 |       ||     1
       Sleeping          |       |       |       |     1 ||     1
Armor: Animal skin       |     4 |       |       |       ||     4
       Ring mail         |    18 |    29 |    57 |    44 ||   148
       Plate armour      |       |       |   115 |    72 ||   187
Dodge: Dodged            |    51 |    60 |   138 |   113 ||   362
Block: Kite shield       |       |    47 |   240 |   173 ||   460
